Flames vs Stars
(R1)
Created - May 16, 2021 at 20:40
Goals
|
Flames |
1 |
0 |
1 |
2 |
Stars |
1 |
2 |
1 |
4 |
|
Shots
|
Flames |
14 |
2 |
15 |
31 |
Stars |
8 |
17 |
9 |
34 |
|
1st period
1. Stars , Cory Emmerton 1 (Alexander Frolov 1) at 11:59
2. Flames , Vladimir Sobotka 1 (David Ullstrom 1, Kyle Palmieri 1) at 17:04
Penalties :
Kyle Palmieri (Cal) for Tripping (Minor) at 2:27, Brian Lee (Dal) for High sticking (Minor) at 6:48, Jussi Jokinen (Dal) for Hooking (Minor) at 14:48, David Ullstrom (Cal) for Roughing (Minor) at 19:12
2nd period
3. Stars , Guillaume Latendresse 2 (Ian White 1, Michael Grabner 2) at 7:24
4. Stars , Guillaume Latendresse 3 (John Tavares 3) at 16:14 (PP)
Penalties :
Andrej Sustr (Dal) for Tripping (Minor) at 4:37, Alexander Radulov (Cal) for Hooking (Minor) at 8:56, Derek Meech (Cal) for Holding (Minor) at 15:56, Alexander Semin (Cal) for Holding (Minor) at 18:18
3rd period
5. Flames , Steve Regier 1 (Jimmy Hayes 1, Colin Wilson 1) at 2:51
6. Stars , Cory Emmerton 2 (Tyson Barrie 1, B.J. Crombeen 2) at 16:39
Penalties :
Brian Lee (Dal) for Hooking (Minor) at 7:30, B.J. Crombeen (Dal) for Cross-checking (Minor) at 13:27, Eric Staal (Cal) for Boarding (Minor) at 18:12
Goalie Stats
Henrik Lundqvist (Cal), 30 saves from 34 shots - (0.882), L, 0-1-1, 60:00 minutes
Cory Schneider (Dal), 29 saves from 31 shots - (0.935), W, 2-0-0, 60:00 minutes
Players Stats for Flames
Player Name G A P +/- PIM S H SB GA TA FO MP PP MP PK MP
------------------------------------------------------------------------------------
Alexander Radulov 0 0 0 0 2 2 0 0 0 0 0/1 15:53 5:16 0:00
Alexander Semin 0 0 0 -1 2 1 1 0 0 1 1/1 19:16 5:14 0:12
Brad Marchand 0 0 0 0 0 4 0 0 0 1 0/0 19:45 4:35 4:43
Brendan Mikkelson 0 0 0 0 0 0 1 2 0 0 0/0 10:17 0:00 0:14
Christian Folin 0 0 0 0 0 0 0 1 0 1 0/0 10:03 0:00 0:00
Colby Robak 0 0 0 0 0 0 1 1 0 2 0/0 22:20 4:12 4:23
Colin Wilson 0 1 1 -1 0 2 1 0 0 0 6/13 13:31 0:03 4:43
David Backes 0 0 0 -1 0 4 1 3 1 0 1/1 18:34 0:00 5:06
David Ullstrom 0 1 1 1 2 3 0 1 0 1 1/1 7:40 0:10 0:00
Derek Meech 0 0 0 0 2 2 0 0 1 0 0/0 22:05 4:12 4:09
Eric Staal 0 0 0 -1 2 4 2 0 2 0 13/29 19:11 5:17 0:17
Erik Johnson 0 0 0 -1 0 0 0 0 0 2 0/0 27:37 5:43 5:38
Jimmy Hayes 0 1 1 -1 0 1 1 0 0 0 0/1 12:49 4:35 0:00
Kyle Palmieri 0 1 1 1 2 1 1 0 0 0 0/0 7:28 0:00 0:00
Patrik Berglund 0 0 0 0 0 4 2 0 0 0 5/8 14:47 4:35 0:00
Sami Vatanen 0 0 0 -1 0 1 0 2 1 1 0/0 27:37 5:43 5:38
Steve Regier 1 0 1 -1 0 1 0 1 0 1 0/0 8:30 0:00 0:00
Vladimir Sobotka 1 0 1 1 0 1 1 1 0 0 3/6 12:30 0:00 5:01
Players Stats for Stars
Player Name G A P +/- PIM S H SB GA TA FO MP PP MP PK MP
------------------------------------------------------------------------------------
Alex Chiasson 0 0 0 0 0 2 1 1 0 0 0/1 14:53 3:08 0:00
Alexander Frolov 0 1 1 1 0 2 2 0 1 0 0/0 10:40 0:00 1:25
Andrej Sustr 0 0 0 0 2 0 1 0 0 1 0/0 10:30 0:00 0:09
Antoine Vermette 0 0 0 0 0 1 1 0 0 0 2/9 15:21 3:08 0:28
B.J. Crombeen 0 1 1 1 2 1 2 0 0 0 0/0 9:11 0:00 0:00
Boris Valabik 0 0 0 0 0 0 2 2 0 1 0/0 21:42 2:49 5:35
Brian Lee 0 0 0 1 4 1 2 2 1 1 0/0 27:26 7:12 2:50
Cam Atkinson 0 0 0 -1 0 2 0 0 0 0 0/0 6:09 0:00 0:00
Cory Emmerton 2 0 2 1 0 2 2 0 1 0 2/4 8:51 0:00 0:00
Evgeny Grachev 0 0 0 -1 0 1 0 0 0 0 1/2 9:05 0:00 2:01
Guillaume Latendresse 2 0 2 1 0 3 1 0 0 0 1/2 24:18 6:53 5:08
Ian White 0 1 1 1 0 2 2 0 1 0 0/0 29:21 7:12 5:14
John Tavares 0 1 1 1 0 7 2 0 2 1 24/40 24:45 6:53 5:17
Jussi Jokinen 0 0 0 0 2 3 2 1 0 0 0/2 17:40 3:08 2:28
Michael Grabner 0 1 1 1 0 5 0 0 2 0 1/1 21:59 6:53 3:03
Paul Ladue 0 0 0 0 0 1 1 0 0 1 0/0 10:55 0:00 0:57
Ted Purcell 0 0 0 -1 0 1 0 0 1 0 0/0 6:09 0:00 0:00
Tyson Barrie 0 1 1 0 0 0 2 2 1 0 0/0 21:05 2:49 5:05
3 Stars
1 - Cory Emmerton (Dal)
2 - Guillaume Latendresse (Dal)
3 - Cory Schneider (Dal)
Power Play
Flames - 0 on 5 Attempt(s) - 0.00%
Stars - 1 on 6 Attempt(s) - 16.67%
Penalty Kill
Flames - 5 on 6 Attempt(s) - 83.33%
- Score 0 goal in Penalty Kill
Stars - 5 on 5 Attempt(s) - 100.00%
- Score 0 goal in Penalty Kill
Team Stat
Flames - Hits : 12 - Faceoff Wins : 30 - Blocked Shots : 12 - Penalty Minutes : 12
Stars - Hits : 23 - Faceoff Wins : 31 - Blocked Shots : 8 - Penalty Minutes : 10
Official
Referees : Unknown
Linesman : Unknown
Game Notes
12:38 of 2nd period - Stars goal is going for a video replay. After video review, No Goal. The attacking player has interfered with a goalkeeper in his goal crease.
Finance
Level 1 -- Attendance: 5632 (93.87%) -- Ticket Income $647,680
Level 2 -- Attendance: 4395 (87.90%) -- Ticket Income $307,650
Level 3 -- Attendance: 1832 (91.60%) -- Ticket Income $82,440
Level 4 -- Attendance: 3624 (90.60%) -- Ticket Income $126,840
Luxury Box -- Attendance: 844 (84.40%) -- Ticket Income $181,460
Game was played at the American Airlines Center.
Total Attendance: 16327 (90.71%)
Total Ticket Income: $1,346,070
Other Income: $201,910
Total Income: $1,547,980
Flames
5 vs 5 Forward
Center Left Wing Right Wing Time % Phy DF OF
1 Eric Staal Alexander Semin David Backes 40 1 2 2
2 Patrik Berglund Brad Marchand Alexander Radulov 33 1 2 2
3 Colin Wilson Steve Regier Jimmy Hayes 19 1 2 2
4 Vladimir Sobotka David Ullstrom Kyle Palmieri 8 1 2 2
5 vs 5 Defense
Defense Defense Time % Phy DF OF
1 Erik Johnson Sami Vatanen 38 1 2 2
2 Derek Meech Colby Robak 29 2 2 1
3 Christian Folin Brendan Mikkelson 23 2 2 1
4 Derek Meech Colby Robak 10 2 2 1
PowerPlay Forward
Center Left Wing Right Wing Time % Phy DF OF
1 Eric Staal Alexander Semin Alexander Radulov 60 1 2 2
2 Patrik Berglund Brad Marchand Jimmy Hayes 40 1 2 2
PowerPlay Defense
Defense Defense Time % Phy DF OF
1 Erik Johnson Sami Vatanen 60 1 2 2
2 Derek Meech Colby Robak 40 1 2 2
Penalty Kill 4 Players Forward
Center Wing Time % Phy DF OF
1 Vladimir Sobotka David Backes 50 1 3 1
2 Colin Wilson Brad Marchand 50 1 3 1
Penalty Kill 4 Players Defense
Defense Defense Time % Phy DF OF
1 Erik Johnson Sami Vatanen 58 1 3 1
2 Derek Meech Colby Robak 42 1 3 1
Penalty Kill - 3 Players Forward
Forward Time % Phy DF OF
1 Eric Staal 50 1 4 0
2 Brad Marchand 50 1 4 0
Penalty Kill - 3 Players Defense
Defense Defense Time % Phy DF OF
1 Erik Johnson Sami Vatanen 58 1 4 0
2 Derek Meech Colby Robak 42 1 4 0
4 vs 4 Forward
Center Wing Time % Phy DF OF
1 Eric Staal Alexander Semin 60 2 2 1
2 Patrik Berglund David Backes 40 2 2 1
4 vs 4 Defense
Defense Defense Time % Phy DF OF
1 Erik Johnson Sami Vatanen 60 2 2 1
2 Derek Meech Colby Robak 40 2 2 1
Last Minutes Offensive
Center Left Wing Right Wing Defense Defense
Eric Staal Alexander Semin David Backes Erik Johnson Sami Vatanen
Last Minutes Defensive
Center Left Wing Right Wing Defense Defense
Eric Staal Alexander Semin David Backes Erik Johnson Sami Vatanen
Goaltenders
Starting : Henrik Lundqvist
Backup : Christopher Gibson
Extra Forwards
Normal : Brad Marchand, Alexander Semin, David Ullstrom - PP : David Ullstrom, Colin Wilson - PK : Brad Marchand
Extra Defensemen
Normal : Sami Vatanen, Derek Meech, Colby Robak - PP : Derek Meech - PK : Brendan Mikkelson, Christian Folin
Penalty Shots
Eric Staal, Alexander Semin, David Backes, Brad Marchand, Colin Wilson
Scratches
Anders Lee (Strained Left Knee Injury)
Stars
5 vs 5 Forward
Center Left Wing Right Wing Time % Phy DF OF
1 John Tavares Guillaume Latendresse Michael Grabner 40 1 2 2
2 Antoine Vermette Jussi Jokinen Alex Chiasson 30 1 2 2
3 Cory Emmerton Alexander Frolov B.J. Crombeen 20 1 2 2
4 Evgeny Grachev Ted Purcell Cam Atkinson 10 1 2 2
5 vs 5 Defense
Defense Defense Time % Phy DF OF
1 Ian White Brian Lee 40 1 2 2
2 Tyson Barrie Boris Valabik 30 1 2 2
3 Andrej Sustr Paul Ladue 20 1 2 2
4 Ian White Brian Lee 10 1 2 2
PowerPlay Forward
Center Left Wing Right Wing Time % Phy DF OF
1 John Tavares Guillaume Latendresse Michael Grabner 60 0 1 4
2 Antoine Vermette Jussi Jokinen Alex Chiasson 40 0 1 4
PowerPlay Defense
Defense Defense Time % Phy DF OF
1 Ian White Brian Lee 60 0 1 4
2 Tyson Barrie Boris Valabik 40 0 1 4
Penalty Kill 4 Players Forward
Center Wing Time % Phy DF OF
1 John Tavares Guillaume Latendresse 60 0 3 2
2 Jussi Jokinen Michael Grabner 40 0 3 2
Penalty Kill 4 Players Defense
Defense Defense Time % Phy DF OF
1 Ian White Brian Lee 60 0 3 2
2 Tyson Barrie Boris Valabik 40 0 3 2
Penalty Kill - 3 Players Forward
Forward Time % Phy DF OF
1 John Tavares 60 0 3 2
2 Guillaume Latendresse 40 0 3 2
Penalty Kill - 3 Players Defense
Defense Defense Time % Phy DF OF
1 Ian White Brian Lee 60 0 3 2
2 Tyson Barrie Boris Valabik 40 0 3 2
4 vs 4 Forward
Center Wing Time % Phy DF OF
1 John Tavares Guillaume Latendresse 60 0 2 3
2 Jussi Jokinen Michael Grabner 40 0 2 3
4 vs 4 Defense
Defense Defense Time % Phy DF OF
1 Ian White Brian Lee 60 0 2 3
2 Tyson Barrie Boris Valabik 40 0 2 3
Last Minutes Offensive
Center Left Wing Right Wing Defense Defense
John Tavares Guillaume Latendresse Michael Grabner Ian White Brian Lee
Last Minutes Defensive
Center Left Wing Right Wing Defense Defense
John Tavares Guillaume Latendresse Michael Grabner Ian White Brian Lee
Goaltenders
Starting : Cory Schneider
Backup : Matt Murray
Extra Forwards
Normal : Jussi Jokinen, Cory Emmerton, Evgeny Grachev - PP : Alexander Frolov, Cory Emmerton - PK : Evgeny Grachev
Extra Defensemen
Normal : Tyson Barrie, Boris Valabik, Andrej Sustr - PP : Tyson Barrie - PK : Boris Valabik, Tyson Barrie
Penalty Shots
John Tavares, Guillaume Latendresse, Jussi Jokinen, Michael Grabner, Antoine Vermette
Scratches
Damien Brunner (Healthy), Shane O'Brien (Healthy)
% Time on Ice - Flames
Lines # - Real PCT - Wanted PCT - Time Play
Normal Forward
1 - 34% - 40% - 13:30
2 - 27% - 33% - 10:45
3 - 21% - 19% - 8:30
4 - 18% - 8% - 7:19
Normal Defense
1 - 41% - 38% - 16:16
2 - 31% - 29% - 12:26
3 - 25% - 23% - 10:03
4 - 3% - 10% - 1:19
PP Forward
1 - 54% - 60% - 5:20
2 - 46% - 40% - 4:35
PP Defense
1 - 58% - 60% - 5:43
2 - 42% - 40% - 4:12
PK Forward
1 - 51% - 50% - 5:06
2 - 49% - 50% - 4:55
PK Defense
1 - 56% - 58% - 5:38
2 - 44% - 42% - 4:23
PK3 Forward
1 - 0% - 50%
2 - 0% - 50%
PK3 Defense
1 - 0% - 58%
2 - 0% - 42%
44 Forward
1 - 0% - 60%
2 - 0% - 40%
44 Defense
1 - 0% - 60%
2 - 0% - 40%
Last Minute Offensive - 0:00
Last Minute Defensive - 0:00
Total
Forward - 60:00
Defense - 60:00
|
% Time on Ice - Stars
Lines # - Real PCT - Wanted PCT - Time Play
Normal Forward
1 - 33% - 40% - 13:12
2 - 30% - 30% - 11:52
3 - 22% - 20% - 8:51
4 - 15% - 10% - 6:09
Normal Defense
1 - 44% - 40% - 17:47
2 - 33% - 30% - 13:11
3 - 23% - 20% - 9:06
4 - 0% - 10% - 0:00
PP Forward
1 - 69% - 60% - 6:53
2 - 31% - 40% - 3:08
PP Defense
1 - 72% - 60% - 7:12
2 - 28% - 40% - 2:49
PK Forward
1 - 69% - 60% - 6:52
2 - 31% - 40% - 3:03
PK Defense
1 - 62% - 60% - 6:11
2 - 38% - 40% - 3:44
PK3 Forward
1 - 0% - 60%
2 - 0% - 40%
PK3 Defense
1 - 0% - 60%
2 - 0% - 40%
44 Forward
1 - 0% - 60%
2 - 0% - 40%
44 Defense
1 - 0% - 60%
2 - 0% - 40%
Last Minute Offensive - 0:00
Last Minute Defensive - 0:00
Total
Forward - 60:00
Defense - 60:00
|
Play-by-Play
1st period
0:01 of 1st period - John Tavares wins face-off versus Eric Staal in neutral zone.
0:14 of 1st period - Wrist shot by John Tavares.
0:14 of 1st period - Shot Misses the Net.
0:50 of 1st period - Tyson Barrie is hit by Kyle Palmieri and loses puck.
0:55 of 1st period - Wrist shot by David Ullstrom.
0:55 of 1st period - Stopped by Cory Schneider with a rebound.
0:57 of 1st period - Wrist shot by David Ullstrom.
0:57 of 1st period - Shot Misses the Net.
0:59 of 1st period - Slapshot by David Ullstrom.
0:59 of 1st period - Stopped by Cory Schneider with a rebound.
1:01 of 1st period - Snap shot by Kyle Palmieri.
1:01 of 1st period - Stopped by Cory Schneider without a rebound.
1:02 of 1st period - Evgeny Grachev wins face-off versus Eric Staal in Stars zone.
1:29 of 1st period - Derek Meech is hit by John Tavares and loses puck.
1:40 of 1st period - Snap shot by Alexander Radulov.
1:40 of 1st period - Shot Misses the Net.
2:13 of 1st period - Snap shot by Kyle Palmieri.
2:13 of 1st period - Shot Blocked by Tyson Barrie.
2:27 of 1st period - Minor Penalty to Kyle Palmieri for Tripping.
2:28 of 1st period - Vladimir Sobotka wins face-off versus John Tavares in Flames zone.
2:46 of 1st period - Colin Wilson is hit by Ian White and loses puck.
3:39 of 1st period - Erik Johnson is hit by Boris Valabik and loses puck.
4:27 of 1st period - Penalty to Kyle Palmieri is over, Kyle Palmieri is back on ice.
4:42 of 1st period - Christian Folin is hit by B.J. Crombeen and loses puck.
5:01 of 1st period - Snap shot by Cam Atkinson.
5:01 of 1st period - Stopped by Henrik Lundqvist with a rebound.
5:03 of 1st period - Snap shot by Evgeny Grachev.
5:03 of 1st period - Stopped by Henrik Lundqvist with a rebound.
5:05 of 1st period - Snap shot by Cam Atkinson.
5:05 of 1st period - Shot Blocked by Brendan Mikkelson.
5:15 of 1st period - Snap shot by Cory Emmerton.
5:15 of 1st period - Shot Misses the Net.
5:31 of 1st period - Slapshot by Brad Marchand.
5:31 of 1st period - Stopped by Cory Schneider without a rebound.
5:32 of 1st period - Patrik Berglund wins face-off versus John Tavares in Stars zone.
5:33 of 1st period - Wrist shot by Brad Marchand.
5:33 of 1st period - Stopped by Cory Schneider with a rebound.
6:12 of 1st period - Off-side.
6:13 of 1st period - David Ullstrom wins face-off versus Cory Emmerton in neutral zone.
6:25 of 1st period - Wrist shot by David Ullstrom.
6:25 of 1st period - Shot Misses the Net.
6:27 of 1st period - Slapshot by Derek Meech.
6:27 of 1st period - Stopped by Cory Schneider without a rebound.
6:28 of 1st period - John Tavares wins face-off versus Eric Staal in Stars zone.
6:43 of 1st period - Snap shot by David Backes.
6:43 of 1st period - Deflect By Alexander Semin.
6:43 of 1st period - Shot Misses the Net.
6:43 of 1st period - Puck is out of play.
6:44 of 1st period - Patrik Berglund wins face-off versus Antoine Vermette in Stars zone.
6:48 of 1st period - Minor Penalty to Brian Lee for High sticking.
6:49 of 1st period - Eric Staal wins face-off versus John Tavares in Stars zone.
7:25 of 1st period - Snap shot by Brad Marchand.
7:25 of 1st period - Shot Misses the Net.
7:27 of 1st period - Wrist shot by Patrik Berglund.
7:27 of 1st period - Stopped by Cory Schneider with a rebound.
7:29 of 1st period - Slapshot by Brad Marchand.
7:29 of 1st period - Shot Blocked by Boris Valabik.
8:36 of 1st period - Boris Valabik is hit by Alexander Semin and loses puck.
8:48 of 1st period - Penalty to Brian Lee is over, Brian Lee is back on ice.
9:00 of 1st period - Andrej Sustr is hit by Colby Robak and loses puck.
9:12 of 1st period - Vladimir Sobotka is hit by Alex Chiasson and loses puck.
9:23 of 1st period - Derek Meech is hit by Alexander Frolov and loses puck.
9:44 of 1st period - Snap shot by Ted Purcell.
9:44 of 1st period - Stopped by Henrik Lundqvist with a rebound.
10:32 of 1st period - Brian Lee is hit by Patrik Berglund and loses puck.
11:11 of 1st period - Slapshot by Jussi Jokinen.
11:11 of 1st period - Stopped by Henrik Lundqvist without a rebound.
11:12 of 1st period - Eric Staal wins face-off versus Antoine Vermette in Flames zone.
11:12 of 1st period - Eric Staal is hit by Boris Valabik.
11:50 of 1st period - Jimmy Hayes is hit by Cory Emmerton and loses puck.
11:59 of 1st period - Wrist shot by Cory Emmerton.
11:59 of 1st period - Goal by Cory Emmerton - Flames : 0 - Stars : 1.
12:00 of 1st period - John Tavares wins face-off versus Eric Staal in neutral zone.
12:05 of 1st period - John Tavares is hit by Eric Staal and loses puck.
12:38 of 1st period - Snap shot by Patrik Berglund.
12:38 of 1st period - Shot Blocked by Alex Chiasson.
12:40 of 1st period - Snap shot by Sami Vatanen.
12:40 of 1st period - Shot Blocked by Jussi Jokinen.
12:42 of 1st period - Snap shot by Patrik Berglund.
12:42 of 1st period - Stopped by Cory Schneider with a rebound.
13:30 of 1st period - Icing by Brendan Mikkelson.
13:31 of 1st period - Michael Grabner wins face-off versus Vladimir Sobotka in Flames zone.
13:42 of 1st period - Snap shot by Michael Grabner.
13:42 of 1st period - Stopped by Henrik Lundqvist without a rebound.
13:43 of 1st period - John Tavares wins face-off versus Eric Staal in Flames zone.
14:10 of 1st period - Derek Meech is hit by Tyson Barrie and loses puck.
14:48 of 1st period - Minor Penalty to Jussi Jokinen for Hooking.
14:49 of 1st period - Eric Staal wins face-off versus John Tavares in Stars zone.
14:54 of 1st period - Snap shot by Eric Staal.
14:54 of 1st period - Stopped by Cory Schneider without a rebound.
14:55 of 1st period - Alexander Semin wins face-off versus John Tavares in Stars zone.
15:08 of 1st period - Snap shot by Alexander Semin.
15:08 of 1st period - Shot Blocked by Tyson Barrie.
15:24 of 1st period - Snap shot by Brad Marchand.
15:24 of 1st period - Shot Blocked by Boris Valabik.
15:40 of 1st period - Snap shot by Michael Grabner.
15:40 of 1st period - Stopped by Henrik Lundqvist with a rebound.
16:48 of 1st period - Penalty to Jussi Jokinen is over, Jussi Jokinen is back on ice.
17:04 of 1st period - Snap shot by Vladimir Sobotka.
17:04 of 1st period - Goal by Vladimir Sobotka - Flames : 1 - Stars : 1.
17:05 of 1st period - Eric Staal wins face-off versus John Tavares in neutral zone.
17:55 of 1st period - Slapshot by Eric Staal.
17:55 of 1st period - Shot Blocked by Brian Lee.
17:57 of 1st period - Wrist shot by David Backes.
17:57 of 1st period - Stopped by Cory Schneider with a rebound.
17:59 of 1st period - Slapshot by David Backes.
17:59 of 1st period - Shot Misses the Net.
18:01 of 1st period - Snap shot by Sami Vatanen.
18:01 of 1st period - Deflect By Eric Staal.
18:01 of 1st period - Stopped by Cory Schneider with a rebound.
18:03 of 1st period - Wrist shot by Eric Staal.
18:03 of 1st period - Shot Misses the Net.
18:05 of 1st period - Snap shot by Eric Staal.
18:05 of 1st period - Deflect By Michael Grabner.
18:05 of 1st period - Stopped by Cory Schneider with a rebound.
18:07 of 1st period - Backhand shot by Sami Vatanen.
18:07 of 1st period - Stopped by Cory Schneider without a rebound.
18:08 of 1st period - Patrik Berglund wins face-off versus Antoine Vermette in Stars zone.
19:06 of 1st period - Snap shot by Cam Atkinson.
19:06 of 1st period - Stopped by Henrik Lundqvist with a rebound.
19:12 of 1st period - Minor Penalty to David Ullstrom for Roughing.
19:13 of 1st period - Colin Wilson wins face-off versus John Tavares in Flames zone.
19:22 of 1st period - Erik Johnson is hit by Guillaume Latendresse.
19:46 of 1st period - Snap shot by Alex Chiasson.
19:46 of 1st period - Deflect By Colin Wilson.
19:46 of 1st period - Shot Hit the Post.
19:46 of 1st period - Puck is out of play.
19:47 of 1st period - John Tavares wins face-off versus Colin Wilson in Flames zone.
Goals for this period are 1 for Flames vs 1 for Stars.
Shots for this period are 14 for Flames vs 8 for Stars.
2nd period
0:01 of 2nd period - John Tavares wins face-off versus Colin Wilson in neutral zone.
0:04 of 2nd period - Wrist shot by Ian White.
0:04 of 2nd period - Stopped by Henrik Lundqvist with a rebound.
0:24 of 2nd period - David Backes is hit by John Tavares and loses puck.
0:39 of 2nd period - Wrist shot by John Tavares.
0:39 of 2nd period - Shot Misses the Net.
0:55 of 2nd period - Wrist shot by John Tavares.
0:55 of 2nd period - Stopped by Henrik Lundqvist without a rebound.
0:56 of 2nd period - Antoine Vermette wins face-off versus Colin Wilson in Flames zone.
1:12 of 2nd period - Penalty to David Ullstrom is over, David Ullstrom is back on ice.
2:44 of 2nd period - Wrist shot by Eric Staal.
2:44 of 2nd period - Shot Misses the Net.
2:48 of 2nd period - Snap shot by David Backes.
2:48 of 2nd period - Deflect By Eric Staal.
2:48 of 2nd period - Stopped by Cory Schneider with a rebound.
3:15 of 2nd period - Andrej Sustr is hit by Brendan Mikkelson and loses puck.
3:24 of 2nd period - Brendan Mikkelson is hit by Andrej Sustr.
3:44 of 2nd period - Wrist shot by Eric Staal.
3:44 of 2nd period - Deflect By Evgeny Grachev.
3:44 of 2nd period - Shot Misses the Net.
3:44 of 2nd period - Puck is out of play.
3:45 of 2nd period - John Tavares wins face-off versus Patrik Berglund in Stars zone.
4:35 of 2nd period - B.J. Crombeen is hit by Jimmy Hayes and loses puck.
4:37 of 2nd period - Minor Penalty to Andrej Sustr for Tripping.
4:38 of 2nd period - Eric Staal wins face-off versus John Tavares in Stars zone.
5:05 of 2nd period - John Tavares is hit by Patrik Berglund and loses puck.
6:34 of 2nd period - Tyson Barrie is hit by Eric Staal and loses puck.
6:37 of 2nd period - Penalty to Andrej Sustr is over, Andrej Sustr is back on ice.
7:14 of 2nd period - Backhand shot by Jussi Jokinen.
7:14 of 2nd period - Stopped by Henrik Lundqvist without a rebound.
7:15 of 2nd period - John Tavares wins face-off versus Eric Staal in Flames zone.
7:22 of 2nd period - Wrist shot by Michael Grabner.
7:22 of 2nd period - Stopped by Henrik Lundqvist with a rebound.
7:24 of 2nd period - Slapshot by Ian White.
7:24 of 2nd period - Deflect By Guillaume Latendresse.
7:24 of 2nd period - Goal by Guillaume Latendresse - Flames : 1 - Stars : 2.
7:25 of 2nd period - John Tavares wins face-off versus Eric Staal in neutral zone.
7:54 of 2nd period - Derek Meech is hit by Brian Lee and loses puck.
8:18 of 2nd period - Off-side.
8:19 of 2nd period - Eric Staal wins face-off versus John Tavares in neutral zone.
8:52 of 2nd period - Snap shot by Antoine Vermette.
8:52 of 2nd period - Stopped by Henrik Lundqvist without a rebound.
8:53 of 2nd period - Patrik Berglund wins face-off versus Alex Chiasson in Flames zone.
8:53 of 2nd period - Patrik Berglund is hit by Jussi Jokinen.
8:56 of 2nd period - Minor Penalty to Alexander Radulov for Hooking.
8:57 of 2nd period - Vladimir Sobotka wins face-off versus John Tavares in Flames zone.
9:27 of 2nd period - Slapshot by Brian Lee.
9:27 of 2nd period - Stopped by Henrik Lundqvist with a rebound.
9:29 of 2nd period - Slapshot by Ian White.
9:29 of 2nd period - Stopped by Henrik Lundqvist with a rebound.
10:56 of 2nd period - Penalty to Alexander Radulov is over, Alexander Radulov is back on ice.
11:16 of 2nd period - Patrik Berglund is hit by Alexander Frolov and loses puck.
11:29 of 2nd period - Evgeny Grachev is hit by Vladimir Sobotka and loses puck.
11:50 of 2nd period - Icing by Evgeny Grachev.
11:51 of 2nd period - Colin Wilson wins face-off versus Evgeny Grachev in Stars zone.
12:22 of 2nd period - Slapshot by Guillaume Latendresse.
12:22 of 2nd period - Shot Misses the Net.
12:24 of 2nd period - Wrist shot by Guillaume Latendresse.
12:24 of 2nd period - Shot Misses the Net.
12:34 of 2nd period - Snap shot by Cory Emmerton.
12:34 of 2nd period - Shot Misses the Net.
12:36 of 2nd period - Slapshot by Andrej Sustr.
12:36 of 2nd period - Shot Blocked by Brendan Mikkelson.
12:38 of 2nd period - Backhand shot by Alexander Frolov.
12:38 of 2nd period - Stars goal is going for a video replay.
12:38 of 2nd period - The goal is refused. The attacking player has interfered with a goalkeeper in his goal crease..
12:39 of 2nd period - Colin Wilson wins face-off versus Antoine Vermette in Flames zone.
12:39 of 2nd period - Colin Wilson is hit by Antoine Vermette.
13:06 of 2nd period - Off-side.
13:07 of 2nd period - Eric Staal wins face-off versus John Tavares in neutral zone.
13:09 of 2nd period - Off-side.
13:10 of 2nd period - John Tavares wins face-off versus Eric Staal in neutral zone.
13:10 of 2nd period - John Tavares is hit by David Backes.
14:20 of 2nd period - Snap shot by David Ullstrom.
14:20 of 2nd period - Stopped by Cory Schneider without a rebound.
14:21 of 2nd period - John Tavares wins face-off versus Vladimir Sobotka in Stars zone.
14:30 of 2nd period - Wrist shot by John Tavares.
14:30 of 2nd period - Shot Blocked by Sami Vatanen.
14:36 of 2nd period - Wrist shot by John Tavares.
14:36 of 2nd period - Stopped by Henrik Lundqvist without a rebound.
14:37 of 2nd period - David Backes wins face-off versus Antoine Vermette in Flames zone.
14:44 of 2nd period - Wrist shot by Alexander Semin.
14:44 of 2nd period - Deflect By Alex Chiasson.
14:44 of 2nd period - Shot Misses the Net.
14:44 of 2nd period - Puck is out of play.
14:45 of 2nd period - Eric Staal wins face-off versus Antoine Vermette in Stars zone.
14:46 of 2nd period - Snap shot by Alexander Semin.
14:46 of 2nd period - Shot Misses the Net.
15:27 of 2nd period - Slapshot by Brian Lee.
15:27 of 2nd period - Shot Misses the Net.
15:35 of 2nd period - Slapshot by Jussi Jokinen.
15:35 of 2nd period - Shot Misses the Net.
15:37 of 2nd period - Snap shot by Jussi Jokinen.
15:37 of 2nd period - Shot Blocked by Sami Vatanen.
15:39 of 2nd period - Snap shot by Antoine Vermette.
15:39 of 2nd period - Shot Misses the Net.
15:41 of 2nd period - Slapshot by Brian Lee.
15:41 of 2nd period - Shot Blocked by David Backes.
15:43 of 2nd period - Slapshot by Ian White.
15:43 of 2nd period - Shot Misses the Net.
15:45 of 2nd period - Snap shot by Jussi Jokinen.
15:45 of 2nd period - Stopped by Henrik Lundqvist with a rebound.
15:47 of 2nd period - Slapshot by Brian Lee.
15:47 of 2nd period - Shot Misses the Net.
15:49 of 2nd period - Snap shot by Alex Chiasson.
15:49 of 2nd period - Stopped by Henrik Lundqvist without a rebound.
15:50 of 2nd period - John Tavares wins face-off versus Patrik Berglund in Flames zone.
15:56 of 2nd period - Minor Penalty to Derek Meech for Holding.
15:57 of 2nd period - John Tavares wins face-off versus Colin Wilson in Flames zone.
16:06 of 2nd period - Snap shot by John Tavares.
16:06 of 2nd period - Shot Misses the Net.
16:08 of 2nd period - Wrist shot by John Tavares.
16:08 of 2nd period - Shot Misses the Net.
16:10 of 2nd period - Snap shot by Michael Grabner.
16:10 of 2nd period - Stopped by Henrik Lundqvist without a rebound.
16:11 of 2nd period - John Tavares wins face-off versus Vladimir Sobotka in Flames zone.
16:14 of 2nd period - Slapshot by Guillaume Latendresse.
16:14 of 2nd period - Goal by Guillaume Latendresse - Flames : 1 - Stars : 3.
16:15 of 2nd period - John Tavares wins face-off versus Eric Staal in neutral zone.
16:42 of 2nd period - Sami Vatanen is hit by Jussi Jokinen and loses puck.
17:15 of 2nd period - Slapshot by Boris Valabik.
17:15 of 2nd period - Shot Misses the Net.
17:17 of 2nd period - Slapshot by Tyson Barrie.
17:17 of 2nd period - Shot Blocked by Steve Regier.
17:45 of 2nd period - Slapshot by Tyson Barrie.
17:45 of 2nd period - Shot Misses the Net.
18:15 of 2nd period - Snap shot by Alex Chiasson.
18:15 of 2nd period - Stopped by Henrik Lundqvist without a rebound.
18:16 of 2nd period - Eric Staal wins face-off versus John Tavares in Flames zone.
18:18 of 2nd period - Minor Penalty to Alexander Semin for Holding.
18:19 of 2nd period - Vladimir Sobotka wins face-off versus Guillaume Latendresse in Flames zone.
18:19 of 2nd period - Vladimir Sobotka is hit by Ian White.
18:26 of 2nd period - Icing by Brian Lee.
18:27 of 2nd period - Colin Wilson wins face-off versus John Tavares in Stars zone.
18:30 of 2nd period - Wrist shot by Brad Marchand.
18:30 of 2nd period - Shot Misses the Net.
19:15 of 2nd period - Slapshot by Ian White.
19:15 of 2nd period - Shot Blocked by David Backes.
19:17 of 2nd period - Snap shot by John Tavares.
19:17 of 2nd period - Shot Blocked by Vladimir Sobotka.
19:27 of 2nd period - Snap shot by John Tavares.
19:27 of 2nd period - Stopped by Henrik Lundqvist with a rebound.
19:47 of 2nd period - Wrist shot by Guillaume Latendresse.
19:47 of 2nd period - Shot Blocked by Colby Robak.
19:49 of 2nd period - Snap shot by Michael Grabner.
19:49 of 2nd period - Stopped by Henrik Lundqvist with a rebound.
19:51 of 2nd period - Wrist shot by Michael Grabner.
19:51 of 2nd period - Shot Misses the Net.
19:53 of 2nd period - Snap shot by Ian White.
19:53 of 2nd period - Shot Misses the Net.
19:55 of 2nd period - Slapshot by Brian Lee.
19:55 of 2nd period - Deflect By John Tavares.
19:55 of 2nd period - Shot Misses the Net.
19:55 of 2nd period - Puck is out of play.
19:56 of 2nd period - Colin Wilson wins face-off versus Jussi Jokinen in Flames zone.
Goals for this period are 0 for Flames vs 2 for Stars.
Shots for this period are 2 for Flames vs 17 for Stars.
3rd period
0:01 of 3rd period - John Tavares wins face-off versus Colin Wilson in neutral zone.
0:08 of 3rd period - Wrist shot by John Tavares.
0:08 of 3rd period - Deflect By Colin Wilson.
0:08 of 3rd period - Stopped by Henrik Lundqvist without a rebound.
0:09 of 3rd period - John Tavares wins face-off versus Colin Wilson in Flames zone.
0:18 of 3rd period - Penalty to Alexander Semin is over, Alexander Semin is back on ice.
0:32 of 3rd period - Wrist shot by John Tavares.
0:32 of 3rd period - Stopped by Henrik Lundqvist without a rebound.
0:33 of 3rd period - Eric Staal wins face-off versus Antoine Vermette in Flames zone.
0:38 of 3rd period - Slapshot by Derek Meech.
0:38 of 3rd period - Stopped by Cory Schneider with a rebound.
0:50 of 3rd period - Slapshot by Jussi Jokinen.
0:50 of 3rd period - Shot Misses the Net.
1:09 of 3rd period - Snap shot by John Tavares.
1:09 of 3rd period - Stopped by Henrik Lundqvist with a rebound.
1:19 of 3rd period - Snap shot by Jimmy Hayes.
1:19 of 3rd period - Shot Misses the Net.
1:21 of 3rd period - Wrist shot by Colin Wilson.
1:21 of 3rd period - Stopped by Cory Schneider with a rebound.
1:43 of 3rd period - Wrist shot by Ted Purcell.
1:43 of 3rd period - Shot Misses the Net.
2:07 of 3rd period - Wrist shot by David Backes.
2:07 of 3rd period - Stopped by Cory Schneider with a rebound.
2:47 of 3rd period - Snap shot by Colin Wilson.
2:47 of 3rd period - Stopped by Cory Schneider with a rebound.
2:49 of 3rd period - Snap shot by Colin Wilson.
2:49 of 3rd period - Shot Misses the Net.
2:51 of 3rd period - Slapshot by Jimmy Hayes.
2:51 of 3rd period - Deflect By Steve Regier.
2:51 of 3rd period - Goal by Steve Regier - Flames : 2 - Stars : 3.
2:52 of 3rd period - John Tavares wins face-off versus Eric Staal in neutral zone.
2:57 of 3rd period - Wrist shot by Paul Ladue.
2:57 of 3rd period - Stopped by Henrik Lundqvist with a rebound.
2:59 of 3rd period - Wrist shot by Michael Grabner.
2:59 of 3rd period - Shot Misses the Net.
3:07 of 3rd period - Snap shot by Guillaume Latendresse.
3:07 of 3rd period - Shot Blocked by David Backes.
3:09 of 3rd period - Snap shot by Michael Grabner.
3:09 of 3rd period - Shot Misses the Net.
3:28 of 3rd period - Wrist shot by Brad Marchand.
3:28 of 3rd period - Stopped by Cory Schneider with a rebound.
3:30 of 3rd period - Slapshot by Brad Marchand.
3:30 of 3rd period - Stopped by Cory Schneider with a rebound.
4:07 of 3rd period - Snap shot by Colin Wilson.
4:07 of 3rd period - Deflect By Jimmy Hayes.
4:07 of 3rd period - Stopped by Cory Schneider without a rebound.
4:08 of 3rd period - John Tavares wins face-off versus Eric Staal in Stars zone.
4:21 of 3rd period - Slapshot by Guillaume Latendresse.
4:21 of 3rd period - Stopped by Henrik Lundqvist without a rebound.
4:22 of 3rd period - Guillaume Latendresse wins face-off versus Eric Staal in Flames zone.
4:41 of 3rd period - Sami Vatanen is hit by Brian Lee and loses puck.
5:02 of 3rd period - Slapshot by Patrik Berglund.
5:02 of 3rd period - Stopped by Cory Schneider with a rebound.
5:26 of 3rd period - Snap shot by Alexander Frolov.
5:26 of 3rd period - Stopped by Henrik Lundqvist without a rebound.
5:27 of 3rd period - John Tavares wins face-off versus Eric Staal in Flames zone.
5:42 of 3rd period - Snap shot by David Backes.
5:42 of 3rd period - Stopped by Cory Schneider without a rebound.
5:43 of 3rd period - Antoine Vermette wins face-off versus Alexander Radulov in Stars zone.
6:52 of 3rd period - Snap shot by Cam Atkinson.
6:52 of 3rd period - Shot Blocked by David Ullstrom.
7:27 of 3rd period - Wrist shot by David Backes.
7:27 of 3rd period - Stopped by Cory Schneider without a rebound.
7:28 of 3rd period - John Tavares wins face-off versus Patrik Berglund in Stars zone.
7:30 of 3rd period - Minor Penalty to Brian Lee for Hooking.
7:31 of 3rd period - John Tavares wins face-off versus Eric Staal in Stars zone.
9:30 of 3rd period - Penalty to Brian Lee is over, Brian Lee is back on ice.
10:39 of 3rd period - Wrist shot by Colin Wilson.
10:39 of 3rd period - Shot Blocked by Brian Lee.
11:25 of 3rd period - Derek Meech is hit by Cory Emmerton.
11:44 of 3rd period - Antoine Vermette is hit by Colin Wilson and loses puck.
11:57 of 3rd period - Eric Staal is hit by Paul Ladue and loses puck.
12:24 of 3rd period - Colin Wilson is hit by B.J. Crombeen and loses puck.
12:37 of 3rd period - Wrist shot by Brad Marchand.
12:37 of 3rd period - Shot Misses the Net.
12:39 of 3rd period - Wrist shot by Alexander Radulov.
12:39 of 3rd period - Shot Misses the Net.
12:41 of 3rd period - Snap shot by Patrik Berglund.
12:41 of 3rd period - Stopped by Cory Schneider with a rebound.
13:27 of 3rd period - Minor Penalty to B.J. Crombeen for Cross-checking.
13:28 of 3rd period - Eric Staal wins face-off versus John Tavares in Stars zone.
13:35 of 3rd period - Wrist shot by Alexander Semin.
13:35 of 3rd period - Stopped by Cory Schneider without a rebound.
13:36 of 3rd period - John Tavares wins face-off versus Eric Staal in Stars zone.
13:57 of 3rd period - Slapshot by Alexander Radulov.
13:57 of 3rd period - Stopped by Cory Schneider without a rebound.
13:58 of 3rd period - Patrik Berglund wins face-off versus John Tavares in Stars zone.
14:24 of 3rd period - Sami Vatanen is hit by Tyson Barrie and loses puck.
14:57 of 3rd period - Snap shot by Alexander Radulov.
14:57 of 3rd period - Stopped by Cory Schneider without a rebound.
14:58 of 3rd period - Eric Staal wins face-off versus Jussi Jokinen in Stars zone.
15:27 of 3rd period - Penalty to B.J. Crombeen is over, B.J. Crombeen is back on ice.
16:35 of 3rd period - Wrist shot by B.J. Crombeen.
16:35 of 3rd period - Stopped by Henrik Lundqvist with a rebound.
16:37 of 3rd period - Slapshot by Tyson Barrie.
16:37 of 3rd period - Shot Blocked by Christian Folin.
16:39 of 3rd period - Snap shot by Cory Emmerton.
16:39 of 3rd period - Goal by Cory Emmerton - Flames : 2 - Stars : 4.
16:40 of 3rd period - Cory Emmerton wins face-off versus Jimmy Hayes in neutral zone.
18:00 of 3rd period - Wrist shot by Jimmy Hayes.
18:00 of 3rd period - Deflect By Colin Wilson.
18:00 of 3rd period - Shot Misses the Net.
18:00 of 3rd period - Puck is out of play.
18:01 of 3rd period - Cory Emmerton wins face-off versus Eric Staal in Stars zone.
18:09 of 3rd period - Off-side.
18:10 of 3rd period - Eric Staal wins face-off versus Cory Emmerton in neutral zone.
18:12 of 3rd period - Minor Penalty to Eric Staal for Boarding.
18:13 of 3rd period - John Tavares wins face-off versus Colin Wilson in Flames zone.
18:23 of 3rd period - Backhand shot by John Tavares.
18:23 of 3rd period - Stopped by Henrik Lundqvist without a rebound.
18:24 of 3rd period - Colin Wilson wins face-off versus John Tavares in Flames zone.
Goals for this period are 1 for Flames vs 1 for Stars.
Shots for this period are 15 for Flames vs 9 for Stars.
Output by the SimonT Hockey Simulator (STHS) for Francois Prevost